 Dungeon Crawl Stone Soup version 0.22.1-1-ga44c0e56f4 (webtiles) character file.

53 Descartes the Insei (level 3, 0/25 HPs)
             Began as a Vine Stalker Transmuter on Nov 11, 2018.
             Succumbed to an adder's poison
             ... on level 2 of the Dungeon.
             The game lasted 00:04:47 (1582 turns).

Descartes the Insei (Vine Stalker Transmuter)       Turns: 1582, Time: 00:04:47

Health: 0/25       AC: 21    Str: 12    XL:     3   Next: 89%
Magic:  16/16      EV:  2    Int: 14    God:
Gold:   60         SH:  0    Dex: 14    Spells: 3/6 levels left

rFire    . . .     SeeInvis .     - Unarmed
rCold    . . .     Gourm    .   (no shield)
rNeg     + + +     Faith    .   (armour currently unavailable)
rPois    +         Spirit   +   (helmet currently unavailable)
rElec    .         Reflect  .   (cloak currently unavailable)
rCorr    .         Harm     .   (gloves currently unavailable)
MR       .....     NoTele   +   (boots currently unavailable)
Stlth    +.........             (no amulet)
HPRegen  0.08/turn              k - ring of magical power
MPRegen  0.15/turn              (no ring)

@: lethally poisoned (0 -> -3), tree-form (expiring)
A: magic shield, no potion heal 3, rot immunity
a: no special abilities


You were on level 2 of the Dungeon.
You were not hungry.
You were a tree.
You visited 1 branch of the dungeon, and saw 2 of its levels.

You collected 60 gold pieces.

Inventory:

Hand Weapons
 b - a +0 hunting sling
Missiles
 a - 12 arrows
 h - 8 stones
 l - 10 poisoned needles (quivered)
Armour
 g - a +0 robe (melded)
 m - a +0 robe
Jewellery
 k - a ring of magical power (left branch)
Scrolls
 e - a scroll of immolation
Potions
 j - a potion of lignification
Comestibles
 c - 2 chunks of flesh
 d - a ration


   Skills:
 - Level 0.8 Fighting
 + Level 2.1 Dodging
 * Level 3.9 Unarmed Combat
 - Level 2.1 Spellcasting
 + Level 2.6 Transmutations


You had 3 spell levels left.
You knew the following spells:

 Your Spells              Type           Power        Failure   Level  Hunger
a - Beastly Appendage     Tmut           #.....       8%          1    #......
b - Sticks to Snakes      Tmut           #.......     12%         2    ###....

Your spell library contained the following spells:

 Spells                   Type           Power        Failure   Level  Hunger
 Spider Form              Tmut/Pois      #.........   38%         3    ###....
 Ice Form                 Ice/Tmut       #.......     80%         4    #####..
 Blade Hands              Tmut           #.........   91%         5    ######.


Dungeon Overview and Level Annotations

Branches:
Dungeon (2/15)

Altars:


Innate Abilities, Weirdness & Mutations

((You have extremely sharp teeth.))
When hurt, damage is shared between your health and your magic reserves.
((Your bite disrupts and absorbs the magic of your enemies.))
Potions cannot restore your health.
You are immune to rotting.


Message History

As you read the scroll labeled OSKUUS HYCLEGRI, it crumbles to dust.
You feel a strange sense of stasis.
It was a scroll of teleportation.
* * * LOW HITPOINT WARNING * * *
You feel sick.
As you read the scroll labeled BODDIO JYWO, it crumbles to dust.
The scroll dissolves into smoke.
It was a scroll of fog.
As you read the scroll labeled UHAIRASOIX, it crumbles to dust.
You feel as if something is helping you.
It was a scroll of remove curse.
* * * LOW HITPOINT WARNING * * *
You feel sick.
You eat one of the 3 chunks of flesh.
This raw flesh tastes terrible.
* * * LOW HITPOINT WARNING * * *
You feel sick.
* * * LOW HITPOINT WARNING * * *
You feel sick.
Your transformation is almost over.
* * * LOW HITPOINT WARNING * * *
You feel sick.
You die...

#### ####
.... ..# ###
#### #.# §§.
###.##§####.
##
#$§§§§§.....
.....#
#.§§♣§§§...[
...#.#
#§)§§#§####.
#..#.# #.#§##
# ...#.# #.#
.######.#.#
#.##.# #.#
#......((..#
#.##.## #.#
#..#####.#.#
# #...... ...
... ##((..#
###.###.##.##
#.# #.#
##.#<#.#
........##.##
#.# #.#
#.[....#
###......<...


There were no monsters in sight!

Vanquished Creatures
  An adder (D:2)
  5 dart slugs
  A leopard gecko (D:2)
  2 bats (D:1)
  2 giant cockroaches
  5 goblins
  5 hobgoblins
  5 frilled lizards (D:1)
  5 kobolds
  4 rats (D:1)
35 creatures vanquished.

Notes
Turn   | Place    | Note
-------+----------+-------------------------------------------
     0 | D:1      | Descartes the Vine Stalker Transmuter began the quest for
                  | the Orb.
     0 | D:1      | Reached XP level 1. HP: 9/9 MP: 4/4
   140 | D:1      | You fall through a shaft!
   367 | D:2      | Reached XP level 2. HP: 14/14 MP: 6/6
   375 | D:2      | Learned a level 2 spell: Sticks to Snakes
   881 | D:1      | Reached XP level 3. HP: 17/17 MP: 5/7
  1575 | D:2      | HP: 1/25 [poisoned by an adder]
  1582 | D:2      | Succumbed to an adder's poison

Skill      XL: |  1  2  3 |
---------------+----------+-----
Dodging        | 2 |  2.1
Fighting       | |  0.8
Unarmed Combat | |  3.9
Spellcasting   | |  2.1
Transmutations | |  2.6

Action                   || total
-------------------------++-------
Melee: Unarmed           ||    92
       Headbutt          ||    13
       Bite              ||    20
       Kick              ||     5
       Punch             ||     1
 Cast: Beastly Appendage ||    24
  Use: Scroll            ||     4
       Potion            ||     1
  Eat: Chunk             ||     3
Armor: Robe              ||     6
Dodge: Dodged            ||    55
